Map: 凯罗斯中转站-天梯版

Players

Kelazhur - Winner!

  • Race: Terran Terran

RAIL

  • Race: Protoss Protoss

Event: WESG 2018 Grand Finals

VOD

Have the link to the VOD?

Description

Time

  • Played on: March 12, 2019, 8:33 a.m.
  • Length: 9:28

All games in this series

Show
View Real Time Build Order
Export as new Build Order

Kelazhur Terran - Winner!

Build Orders: Reaper Expand, Banshee Rush 

Get SALT Encoding   

  12  0:00  SCV  
  13  0:12  SCV  
  14  0:16  Supply Depot  
  14  0:24  SCV  
  15  0:38  SCV  
  15  0:39  Barracks  
  16  0:43  Refinery  
  16  0:50  SCV  
  17  1:02  SCV  
  18  1:14  SCV  
  19  1:25  Reaper  
  19  1:26  Orbital Command  
  20  1:40  Command Center  
  20  1:50  Supply Depot  
  20  1:53  SCV  
  21  1:59  Bunker, Marine  
  22  2:05  SCV  
  22  2:08  Factory  
  23  2:17  Refinery, SCV  
  23  2:19  Barracks Reactor  
  24  2:29  SCV  
  25  2:34  Command Center  
  25  2:41  SCV  
  28  2:51  Widow Mine  
  28  2:56  Starport  
  28  2:57  Supply Depot  
  29  2:58  SCV  
  29  3:06  Marine x2  
  31  3:14  Factory Tech Lab  
  31  3:18  SCV  
  31  3:19  Supply Depot  
  32  3:25  Marine x2  
  34  3:30  SCV  
  34  3:33  Starport Tech Lab  
  35  3:36  Siege Tank  
  38  3:45  Orbital Command  
  39  3:52  Cloaking Field  
  39  3:53  SCV  
  39  3:55  Marine x2  
  41  4:07  Banshee  
  41  4:09  SCV  
  45  4:13  Marine x2  
  45  4:15  Orbital Command  
  47  4:21  SCV  
  48  4:24  Barracks  
  48  4:28  Siege Tank  
  51  4:36  SCV  
  51  4:37  Barracks  
  52  4:43  SCV  
  53  4:46  Marine x2  
  53  4:48  SCV  
  53  4:52  Banshee  
  58  4:55  SCV  
  59  5:01  Refinery  
  59  5:02  SCV  
  59  5:03  Engineering Bay  
  59  5:06  Supply Depot  
  60  5:07  SCV  
  61  5:15  SCV  
  61  5:16  Factory Tech Lab  
  61  5:18  Stimpack  
  62  5:27  Marine x3, SCV  
  66  5:28  Barracks Tech Lab  
  66  5:31  Terran Infantry Weapons Level 1  
  66  5:32  SCV  
  66  5:33  Refinery, Supply Depot  
  67  5:38  Supply Depot  
  67  5:40  SCV  
  68  5:44  SCV  
  68  5:46  Marine  
  70  5:55  Banshee, Marine, SCV  
  75  5:59  SCV  
  75  6:01  Marauder x2  
  80  6:07  Starport  
  80  6:10  SCV  
  81  6:16  Marine x2  
  83  6:19  Supply Depot  
  83  6:22  Combat Shield  
  83  6:23  Factory Reactor  
  83  6:24  Marauder x2  
  86  6:36  Barracks x2  
  86  6:40  SCV x2  
  86  6:41  Marine x2  
  86  6:42  Supply Depot  
  90  6:50  Supply Depot  
  90  6:52  SCV x2  
  92  6:54  Marauder  
  93  7:03  Medivac x2  
  93  7:04  Marauder  
  99  7:08  Marine x2  
  99  7:09  Factory Reactor  
  99  7:10  Supply Depot  
  101  7:17  Marauder  
  101  7:20  Concussive Shells  
  101  7:21  Supply Depot  
  103  7:23  Barracks Tech Lab  
  103  7:24  Barracks Reactor  
  103  7:25  Marauder  
  103  7:27  Terran Infantry Armor Level 1  
  103  7:29  Marine x2  
  105  7:36  Medivac x2  
  111  7:42  Marauder  
  113  7:46  Marauder, Supply Depot  
  113  7:50  Marauder, Marine x2  
  119  8:01  Marine x2  
  119  8:03  Widow Mine x2  
  125  8:08  Marauder  
  125  8:09  Marine  
  125  8:10  Marauder  
  125  8:11  Marauder  
  131  8:19  Supply Depot  
  131  8:21  Marine x3  
  134  8:33  Supply Depot  
  134  8:35  Supply Depot  
  134  8:40  Medivac, Armory, Marine  
  134  8:41  Marauder, Widow Mine  
  141  8:59  Marauder x2  
  141  9:00  Marine x3  
  148  9:08  Marine  
Show
View Real Time Build Order
Export as new Build Order

RAIL Protoss 

Build Orders: Blink Stalkers 

Get SALT Encoding   

  12  0:00  Probe  
  13  0:12  Probe  
  14  0:17  Pylon  
  14  0:25  Probe  
  15  0:35  Gateway  
  15  0:36  Probe  
  16  0:44  Probe  
  17  0:53  Probe  
  17  0:56  Pylon  
  18  1:00  Assimilator  
  18  1:05  Probe  
  19  1:14  Gateway  
  19  1:23  Cybernetics Core  
  19  1:31  Zealot  
  21  1:34  Probe  
  21  1:38  Assimilator  
  22  1:46  Probe  
  23  1:51  Stalker  
  23  1:57  Stalker  
  23  1:58  Probe  
  28  2:10  Probe  
  28  2:11  Pylon  
  29  2:21  Stalker  
  32  2:36  Twilight Council  
  31  2:46  Blink  
  31  2:54  Nexus  
  32  2:58  Probe  
  32  3:04  Warp Gate  
  32  3:12  Probe  
  33  3:24  Probe  
  34  3:29  Gateway  
  34  3:36  Probe  
  34  3:40  Robotics Facility  
  35  3:48  Gateway  
  35  3:52  Probe  
  36  4:04  Probe  
  36  4:08  Probe  
  38  4:16  Probe  
  39  4:20  Stalker x2, Probe  
  44  4:28  Probe  
  44  4:29  Observer  
  46  4:34  Probe  
  46  4:35  Pylon, Charge  
  47  4:53  Observer  
  47  4:56  Stalker, Probe, Gateway  
  47  4:57  Gateway  
  51  5:01  Gateway  
  51  5:08  Stalker, Probe  
  51  5:11  Stalker  
  56  5:17  Pylon  
  56  5:21  Zealot  
  56  5:24  Observer  
  56  5:26  Probe x2  
  61  5:30  Pylon  
  61  5:48  Stalker, Forge x2  
  62  5:52  Probe  
  62  5:53  Protoss Ground Weapons Level 1  
  56  5:57  Stalker, Probe  
  56  6:00  Probe  
  58  6:06  Zealot  
  58  6:09  Probe x2  
  61  6:19  Protoss Ground Armor Level 1  
  61  6:21  Probe  
  61  6:22  Probe  
  63  6:34  Probe x2  
  63  6:35  Zealot x4  
  73  6:41  Stalker  
  73  6:44  Zealot  
  73  6:46  Probe  
  78  6:49  Pylon  
  78  6:53  Pylon  
  76  7:02  Sentry  
  78  7:11  Nexus  
  78  7:12  Pylon  
  78  7:17  Sentry, Zealot x2  
  84  7:26  Zealot, Pylon  
  84  7:27  Zealot  
  88  7:30  Zealot  
  90  7:38  Gateway  
  90  7:39  Zealot  
  91  7:45  Observer  
  92  7:58  Pylon  
  92  8:08  Zealot x4  
  98  8:21  Photon Cannon  
  98  8:23  Zealot  
  101  8:27  Probe x2  
  101  8:32  Zealot x2  
  101  8:33  Zealot  
  108  8:39  Probe  
  109  8:44  Stalker  
  109  8:45  Stalker  
  113  8:49  Pylon  
  113  8:54  Pylon  
  112  8:58  Probe  
  112  8:59  Stalker  
  113  9:03  Stalker  
Tags
 
Add a new tag
Caveats
  • Supply blocks, unpowered buildings, or Contaminate may cause inaccurate times.
  • Supply counts are checked every 10 seconds.